 Dungeon Crawl Stone Soup version 0.22-a0-467-g5c5de1c (webtiles) character file.

17469 Laiders72 the Blocker (level 12, -35/92 HPs)
             Began as a Formicid Fighter on June 10, 2018.
             Was a High Priest of Qazlal.
             Annihilated by a titanic slime creature (100 damage)
             ... on level 12 of the Dungeon.
             The game lasted 00:45:25 (13350 turns).

Laiders72 the Blocker (Formicid Fighter)           Turns: 13350, Time: 00:45:26

Health: -35/92     AC: 15    Str: 30    XL:     12   Next: 83%
Magic:  12/12      EV: 11    Int:  8    God:    Qazlal [*****.]
Gold:   842        SH: 32    Dex: 14    Spells: 11/11 levels left

rFire    + + +     SeeInvis +   n - +2 great mace (venom)
rCold    . . .     Gourm    .   F - +4 large shield "Nuahun" {rF++}
rNeg     + . .     Faith    +   p - +1 chain mail {rF+}
rPois    .         Spirit   .   (helmet unavailable)
rElec    .         Reflect  .   B - +1 cloak {+Inv}
rCorr    .         Harm     .   (no gloves)
MR       +....                  G - +0 pair of boots (curse)
Stlth    ..........             b - amulet of faith
HPRegen  0.25/turn              x - ring of positive energy
MPRegen  0.13/turn              j - +3 ring of strength

@: mighty, repel missiles
A: permanent stasis, dig shafts and tunnels, four strong arms, antennae 3
a: Dig, Shaft Self, Upheaval, Elemental Force, Disaster Area, Renounce Religion,
Evoke Invisibility


You were on level 12 of the Dungeon.
You worshipped Qazlal.
Qazlal was extremely pleased with you.
You were not hungry.

You visited 1 branch of the dungeon, and saw 12 of its levels.

You collected 842 gold pieces.

Inventory:

Hand Weapons
 n - a +2 great mace of venom (weapon)
 C - a +0 hunting sling
Missiles
 r - 96 sling bullets
Armour
 p - a +1 chain mail of fire resistance (worn)
 B - a +1 cloak of invisibility (worn)
 F - the +4 large shield "Nuahun" (worn) {rF++}
   (You found it on level 6 of the Dungeon)

   It greatly protects you from fire.
 G - a cursed +0 pair of boots (worn)
Jewellery
 b - an amulet of faith (around neck)
 j - a +3 ring of strength (right hand)
 x - a ring of positive energy (left hand)
 M - an uncursed ring of ice {unknown}
Wands
 o - a wand of flame (94)
 D - a wand of polymorph (10)
 L - a wand of random effects (26)
Scrolls
 c - a scroll of enchant weapon {unknown}
 d - 2 scrolls of noise {unknown}
 e - a scroll of blinking {unknown}
 k - a scroll of amnesia {unknown}
 l - 7 scrolls of remove curse
 m - 3 scrolls of identify
 u - a scroll of fog {unknown}
 w - 4 scrolls of magic mapping
 y - 2 scrolls of fear {unknown}
 E - 2 scrolls of enchant armour {unknown}
 H - a scroll of random uselessness {unknown}
Potions
 a - a potion of cancellation
 g - a potion of berserk rage {unknown}
 h - 6 potions of curing
 i - 3 potions of invisibility
 q - 2 potions of flight
 t - 2 potions of brilliance
 v - 2 potions of magic
 z - a potion of agility {unknown}
 A - a potion of lignification {unknown}
 I - a potion of resistance {unknown}
 J - a potion of haste {unknown}
 K - 2 potions of heal wounds {unknown}
Comestibles
 f - 19 rations


   Skills:
 - Level 8.0 Fighting
   Level 7.8 Long Blades
   Level 3.1(6.2) Axes
 * Level 8.5(8.8) Maces & Flails
 - Level 8.0 Armour
 + Level 4.8 Dodging
 - Level 0.3 Stealth
 * Level 14.5 Shields


You had 11 spell levels left.
You didn't know any spells.
Your spell library contained the following spells:

 Spells                   Type           Power        Failure   Level  Hunger
 Cause Fear               Hex            #.........   100%        4    #####..
 Fireball                 Conj/Fire      #.........   100%        5    ######.
 Conjure Flame            Conj/Fire      #.......     99%         3    ####...
 Throw Flame              Conj/Fire      #.....       97%         2    ###....
 Animate Dead             Necr           N/A          100%        4    #####..
 Pain                     Necr           #...         90%         1    ##.....
 Animate Skeleton         Necr           N/A          90%         1    ##.....
 Vampiric Draining        Necr           #.........   99%         3    ####...
 Sticky Flame             Conj/Fire      #.......     100%        4    #####..
 Regeneration             Chrm/Necr      #.........   99%         3    ####...
 Deflect Missiles         Chrm/Air       #.........   100%        6    #######
 Flame Tongue             Conj/Fire      #....        90%         1    ##.....
 Silence                  Hex/Air        #.........   100%        5    ######.
 Inner Flame              Hex/Fire       #.......     99%         3    ####...
 Discord                  Hex            #.........   100%        8    #######
 Yara's Violent Unravell  Hex/Tmut       #.........   100%        5    ######.


Dungeon Overview and Level Annotations

Branches:
Dungeon (12/15)            Temple (0/1) D:5            Lair (0/6) D:10
    Orc (0/2) D:10

Altars:
Ashenzari
Cheibriados
Fedhas
Makhleb
Nemelex Xobeh
Qazlal

Shops:
D:9 [


Innate Abilities, Weirdness & Mutations

You cannot be hasted, slowed, berserked, paralysed or teleported.
You can dig through walls and to a lower floor.
Your four strong arms can wield two-handed weapons with a shield.
You have a pair of large antennae on your head. (SInv)


Message History

You thump the titanic slime creature!
The titanic slime creature is heavily wounded.
The vampire mosquito barely misses you.
You block the titanic slime creature's attack.
The vampire mosquito misses you.
A slime creature suddenly becomes an enormous slime creature.
You block the titanic slime creature's attack.
You block the vampire mosquito's attack.
You bludgeon the titanic slime creature!!
The titanic slime creature is severely wounded.
You block the vampire mosquito's attack. x2
You block the titanic slime creature's attack.
The enormous slime creature is engulfed in blazing flames.
An enormous slime creature splits.
You sock the titanic slime creature!
The titanic slime creature is severely wounded.
You block the vampire mosquito's attack. x2
The titanic slime creature hits you!!!!
Ouch! That really hurt!
You die...

#....# #....# .
#....# .. #....# {
... #....# ....
#....####.# .....{
#.........#
.....J####.J..#
.....JJ@yy.#†#....#
..?..J####.#.# ...#
##### #.#.#....##
#.#.......#
#.#.......#
#.#.......##
#.#.......'.
#.#......(# {
#.#.......#


You could see a titanic slime creature, a large slime creature, 2 slime
creatures, 2 vampire mosquitoes and a jelly.

Vanquished Creatures
  A hydra (D:11)
  Erolcha (D:9)
  The ghost of Tungsten the Fighter, a journeyman GrWz of Nemelex Xobeh (D:11)
  A two-headed ogre (D:10)
  An unseen horror (D:11)
  Pikel (D:8)
  3 ugly things
  A centaur zombie (D:10)
  Joseph (D:9)
  Maurice (D:9)
  2 centaur skeletons
  Grinder (D:4)
  4 hippogriffs
  A spriggan (D:7)
  Sigmund (D:2)
  A shadow (D:12)
  3 wyverns
  A wraith (D:10)
  A vampire (D:12)
  17 yaks
  Eustachio (D:4)
  4 vampire mosquitoes (D:12)
  A hungry ghost (D:12)
  7 orc warriors
  3 sky beasts
  An ice beast (D:10)
  An eye of draining (D:9)
  2 necrophages
  5 ogres
  3 phantoms
  9 centaurs
  2 big kobolds
  10 bullfrogs
  A wyvern skeleton (D:6)
  A water moccasin zombie (D:7)
  10 killer bees
  A howler monkey (D:4)
  6 crimson imps
  5 hounds
  A jelly (D:12)
  3 orc priests
  3 bullfrog skeletons
  Crazy Yiuf (D:5)
  Jessica (D:3)
  5 iguanas
  Ijyb (D:3)
  Natasha (thrice) (D:3)
  Terence (D:2)
  9 orc wizards
  11 worker ants
  A hound zombie (D:8)
  A hound skeleton (D:7)
  A worker ant zombie (D:9)
  Robin (D:2)
  7 gnolls
  11 adders
  3 shadow imps
  A worm (D:3)
  A dart slug (D:3)
  5 leopard geckos
  49 orcs
  A ball python (D:6)
  6 giant cockroaches
  13 goblins
  9 hobgoblins
  4 jackals (D:7)
  16 kobolds
  3 quokkas
  3 bats
  5 frilled lizards
  A leopard gecko skeleton (D:7)
  A leopard gecko zombie (D:5)
  A quokka skeleton (D:9)
  11 rats
311 creatures vanquished.

Vanquished Creatures (others)
  3 slaves (D:8)
  A centaur (D:8)
  An adder (D:8)
  A leopard gecko (D:8)
  4 orcs
  A fungus (D:9)
  A plant (D:9)
12 creatures vanquished.

Grand Total: 323 creatures vanquished

Notes
Turn   | Place    | Note
-------+----------+-------------------------------------------
     0 | D:1      | Laiders72 the Formicid Fighter began the quest for the Orb.
     0 | D:1      | Reached XP level 1. HP: 18/18 MP: 1/1
   129 | D:1      | Reached XP level 2. HP: 21/24 MP: 2/2
   134 | D:1      | Reached skill level 4 in Shields
   345 | D:1      | Reached XP level 3. HP: 20/29 MP: 3/3
  1229 | D:2      | Noticed Robin
  1256 | D:2      | Reached XP level 4. HP: 16/37 MP: 4/4
  1475 | D:2      | Killed Robin
  1531 | D:2      | Found a stormy altar of Qazlal.
  1632 | D:2      | Noticed Sigmund
  1645 | D:2      | Killed Sigmund
  1645 | D:2      | Reached skill level 5 in Shields
  1645 | D:2      | Reached XP level 5. HP: 35/42 MP: 5/5
  1645 | D:2      | Reached XP level 6. HP: 40/48 MP: 6/6
  1806 | D:2      | Noticed Terence
  1830 | D:2      | Killed Terence
  2023 | D:2      | Became a worshipper of Qazlal Stormbringer
  2107 | D:3      | Noticed Ijyb
  2130 | D:3      | Killed Ijyb
  2433 | D:3      | Noticed Jessica
  2447 | D:3      | Killed Jessica
  2804 | D:3      | Noticed Natasha
  2819 | D:3      | Killed Natasha
  2866 | D:3      | Reached skill level 6 in Shields
  2866 | D:3      | Reached XP level 7. HP: 50/54 MP: 7/7
  3055 | D:3      | Noticed Natasha
  3064 | D:3      | Killed Natasha
  3102 | D:3      | Noticed Natasha
  3109 | D:3      | Killed Natasha
  3213 | D:4      | Reached * piety under Qazlal
  3213 | D:4      | Reached skill level 5 in Long Blades
  3589 | D:4      | Noticed Eustachio
  3646 | D:5      | Entered Level 5 of the Dungeon
  4051 | D:5      | Found a staircase to the Ecumenical Temple.
  4270 | D:5      | Reached XP level 8. HP: 61/61 MP: 8/8
  4571 | D:5      | Found a runed door.
  4575 | D:5      | Noticed Crazy Yiuf
  4579 | D:5      | Killed Crazy Yiuf
  4905 | D:4      | Noticed Grinder
  5289 | D:6      | Reached skill level 7 in Shields
  5840 | D:6      | Reached skill level 5 in Fighting
  5840 | D:6      | Reached skill level 5 in Armour
  5923 | D:6      | Got a transparent large shield
  5939 | D:6      | Reached skill level 8 in Shields
  5945 | D:6      | Reached XP level 9. HP: 46/68 MP: 9/9
  6409 | D:4      | Killed Grinder
  6415 | D:4      | Killed Eustachio
  6483 | D:4      | Found a burning altar of Makhleb.
  6483 | D:4      | Noticed a cacodemon
  6487 | D:4      | Noticed a smoke demon
  6873 | D:4      | Identified the +4 large shield "Nuahun" {rF++} (You found it on level 6 of the Dungeon)
  7097 | D:7      | Reached skill level 9 in Shields
  7246 | D:7      | Reached ** piety under Qazlal
  7448 | D:7      | Got a jewelled large shield
  7461 | D:7      | Identified the +0 large shield of Reqas {MR+ Regen+ Dex-3 SInv} (You found it on level 7 of the Dungeon)
  7530 | D:7      | Found a sparkling altar of Nemelex Xobeh.
  7841 | D:7      | Found a snail-covered altar of Cheibriados.
  8172 | D:8      | Reached skill level 1 in Axes
  8189 | D:8      | Noticed Pikel
  8231 | D:8      | Killed Pikel
  8231 | D:8      | Reached skill level 10 in Shields
  8231 | D:8      | Reached XP level 10. HP: 53/77 MP: 10/10
  8728 | D:8      | Reached skill level 1 in Maces & Flails
  8730 | D:8      | Reached *** piety under Qazlal
  9207 | D:9      | Noticed Erolcha
  9225 | D:9      | Killed Erolcha
  9369 | D:9      | Noticed Maurice
  9377 | D:9      | Killed Maurice
  9377 | D:9      | Reached skill level 11 in Shields
  9443 | D:9      | Reached XP level 11. HP: 76/83 MP: 11/11
  9691 | D:9      | Noticed Joseph
  9702 | D:9      | Killed Joseph
  9778 | D:9      | Reached skill level 5 in Maces & Flails
 10130 | D:9      | Reached **** piety under Qazlal
 10271 | D:9      | Found a blossoming altar of Fedhas.
 10328 | D:9      | Found Roproll's Armour Shop.
 10370 | D:9      | Reached skill level 12 in Shields
 10389 | D:9      | Found a shattered altar of Ashenzari.
 10684 | D:10     | Entered Level 10 of the Dungeon
 10693 | D:10     | Noticed a two-headed ogre
 10700 | D:10     | Killed a two-headed ogre
 10700 | D:10     | Reached skill level 1 in Dodging
 11096 | D:10     | Found a staircase to the Lair.
 11139 | D:10     | Found a staircase to the Orcish Mines.
 11724 | D:11     | Noticed a four-headed hydra
 11736 | D:11     | Killed a four-headed hydra
 11736 | D:11     | Reached skill level 13 in Shields
 11736 | D:11     | Reached XP level 12. HP: 40/92 MP: 12/12
 11993 | D:11     | Reached ***** piety under Qazlal
 12119 | D:11     | Noticed an unseen horror
 12136 | D:11     | Killed an unseen horror
 12280 | D:11     | Noticed Tungsten's ghost (journeyman GrWz)
 12325 | D:11     | Killed Tungsten's ghost
 12543 | D:11     | Reached skill level 14 in Shields
 13350 | D:12     | Annihilated by a titanic slime creature

Vault maps used:
D:1:      dpeg_arrival_ratfight, hangedman_feature_mirror
D:2:      old_standard_altar, first_ration, uniq_terence, uniq_sigmund,
          uniq_robin
D:3:      uniq_natasha, uniq_jessica, uniq_ijyb
D:4:      makhleb_altar_promises_db, uniq_grinder, uniq_eustachio
D:5:      minmay_temple_entry_large_hall, uniq_crazy_yiuf_cottage
D:7:      nemelex_xobeh_ov_fountains_minmay, the_bakery, lemuel_statue_altar
D:8:      uniq_pikel
D:9:      fedhas_altar_3, serial_shops, shop_statue, serial_bayou_pond_d,
          cheibrodos_ashenzari_chains, uniq_erolcha, uniq_joseph, uniq_maurice
D:10:     lair_entry_dummy, orc_0_dummy

Skill      XL: |  1  2  3  4  5  6  7  8  9 10 11 12 |
---------------+-------------------------------------+-----
Shields        | 4 5 6 8 10 11 13 14 | 14.5
Fighting       | 4 5 6 7 8 |  8.0
Long Blades    | 3 4 5 6 7 |  7.8
Armour         | 4 5 6 7 8 |  8.0
Axes           | 2 3 |  3.1
Maces & Flails | 4 7 8 |  8.5
Dodging        | 2 4 |  4.8
Stealth        | |  0.3

Action                   |  1- 3 |  4- 6 |  7- 9 | 10-12 || total
-------------------------+-------+-------+-------+-------++-------
Melee: Long sword        |    86 |   153 |   296 |       ||   535
       Scimitar          |       |       |    90 |       ||    90
       War axe           |       |       |    82 |    24 ||   106
       Dire flail        |       |       |       |   593 ||   593
       Unarmed           |       |       |       |     9 ||     9
       Great mace        |       |       |       |   211 ||   211
 Abil: Dig               |     1 |     1 |     3 |       ||     5
  Use: Potion            |     1 |     1 |     4 |     6 ||    12
       Scroll            |     1 |     1 |     7 |       ||     9
  Eat: Chunk             |     1 |     6 |    17 |    19 ||    43
Armor: Scale mail        |    20 |       |       |       ||    20
       Chain mail        |    21 |    71 |   182 |   200 ||   474
       Skin              |       |       |       |     1 ||     1
Dodge: Dodged            |    28 |    33 |   134 |   113 ||   308
       Deflected         |       |       |       |     5 ||     5
Block: Shield            |    43 |    90 |   296 |       ||   429
       Large shield      |       |       |   184 |  1195 ||  1379
       Other             |       |       |       |     2 ||     2
       Rpst.: Long sword |     9 |    10 |    16 |       ||    35
       Scimitar          |       |       |     7 |       ||     7

Table legend:
 A = Spawn XP
 B = Non-spawn XP
 C = Spawn XP percentage of total XP
 D = Spawn monster count
 E = Non-spawn monster count
 F = Spawn count percentage of total count
 G = Total turns spent on level
                    A         B        C        D         E        F      G
               +---------+---------+-------+---------+---------+-------+---------
         Total |       0 |   24957 |   0.0 |       0 |     311 |   0.0 | 13350
               +---------+---------+-------+---------+---------+-------+---------
           D:1 |       0 |      41 |   0.0 |       0 |      28 |   0.0 |  1123
           D:2 |       0 |     326 |   0.0 |       0 |      15 |   0.0 |   994
           D:3 |       0 |     251 |   0.0 |       0 |      30 |   0.0 |  1016
           D:4 |       0 |     692 |   0.0 |       0 |      13 |   0.0 |  1077
           D:5 |       0 |     312 |   0.0 |       0 |       9 |   0.0 |  1618
           D:6 |       0 |    1017 |   0.0 |       0 |      22 |   0.0 |  1262
           D:7 |       0 |     847 |   0.0 |       0 |      20 |   0.0 |   907
           D:8 |       0 |    1759 |   0.0 |       0 |      31 |   0.0 |  1174
           D:9 |       0 |    5693 |   0.0 |       0 |      42 |   0.0 |  1513
          D:10 |       0 |    3933 |   0.0 |       0 |      36 |   0.0 |   985
          D:11 |       0 |    7504 |   0.0 |       0 |      47 |   0.0 |  1478
          D:12 |       0 |    2582 |   0.0 |       0 |      18 |   0.0 |   203
               +---------+---------+-------+---------+---------+-------+---------
